 Dungeon Crawl Stone Soup version 0.31-a0-271-gb88eb75e06 (webtiles) character file.

Game seed: 14500268719554621102

323 gruber the Ruffian (level 6, 0/82 HPs)
             Began as a Troll Shapeshifter on July 14, 2023.
             Slain by an orc
             ... wielding a +0 club
              (4 damage)
             ... on level 4 of the Dungeon.
             The game lasted 00:02:42 (2168 turns).

gruber the Ruffian (Troll Shapeshifter)             Turns: 2168, Time: 00:02:42

Health: 0/82       AC: 23    Str: 26    XL:     6   Next: 23%
Magic:  5/5        EV:  1    Int:  4    God:
Gold:   142        SH:  0    Dex: 10    Spells: 5/5 levels left

rFire   . .          .
                       - Unarmed
rCold   . . .        (no shield)
rNeg    . . .        a - melded +0 animal skin
rPois   +            (helmet currently unavailable)
rElec   .            (cloak currently unavailable)
rCorr   .            (gloves unavailable)
SInv    .            (boots unavailable)
Will    .....        (no amulet)
Stlth   +            (no ring)
HPRegen 1.13/turn    (no ring)
MPRegen 0.09/turn

%: no passive effects
@: lethally poisoned (0 -> 0), tree-form
A: stationary, stasis, torment immunity, boosted hp, large, unfitting armour,
(claws 3), regeneration 1, (shaggy fur 1), (tough skin 1)
a: no special abilities


You were on level 4 of the Dungeon.
You were a tree.
You visited 1 branch of the dungeon, and saw 4 of its levels.

You collected 142 gold pieces.

Inventory:

Armour
 a - a +0 animal skin (melded)
Talismans
 c - a beast talisman
Scrolls
 d - 3 scrolls of butterflies {unknown}
 e - a scroll of noise {unknown}
 g - 2 scrolls of teleportation {unknown}
 i - 2 scrolls of identify {unknown}
 k - a scroll of poison {unknown}
 l - 2 scrolls of fear {unknown}
 m - a scroll of brand weapon {unknown}
Potions
 b - a potion of lignification
 f - a potion of heal wounds
 h - a potion of attraction {unknown}
 j - a potion of magic {unknown}
 n - a potion of curing {unknown}
 o - a potion of might {unknown}
 p - a potion of brilliance {unknown}


   Skills:
 - Level 1.5 Fighting
 - Level 1.5 Dodging
 + Level 6.7 Unarmed Combat
 - Level 3.0 Shapeshifting


You had 5 spell levels left.
You didn't know any spells.
Your spell library contained the following spells:

 Spells                   Type           Power      Damage    Failure   Level
 Summon Small Mammal      Summ           0%         N/A       50%         1
 Call Canine Familiar     Summ           0%         N/A       86%         3
 Summon Guardian Golem    Hex/Summ       0%         N/A       86%         3


Dungeon Overview and Level Annotations

Branches:
Dungeon (4/15)
 Temple: D:4-7

Altars:

Shops:
D:1 =:=[   D:4 :


Innate Abilities, Weirdness & Mutations

You are a tree.
Your roots penetrate the ground, keeping you stationary.
You cannot be teleported.
You are immune to unholy pain and torment.
Your maximum health is greatly increased.
Your equipment is partially melded.
You are too large for most types of armour.
((You have claws for hands.))
Your natural rate of healing is unusually fast.
((You are covered in fur. (AC +1)))
((You have tough skin. (AC +1)))


Message History

Menkaure is moderately damaged.
Menkaure hits you but does no damage. The orc hits you but does no damage.
You hear some strange, mumbled words.
A magic dart appears from out of thin air!
The magic dart hits you but does no damage.
The orc priest calls upon Beogh to heal the orc.
The orc's wounds heal themselves!
The goblin hits you but does no damage.
You smack Menkaure!
You destroy Menkaure!
The orc hits you but does no damage. Something hits you but does no damage.
You are poisoned.
The goblin hits you but does no damage.
Your Unarmed Combat skill increases to level 6!
You have reached level 6!
You feel stronger.
You cannot move.
Unknown command.
You cannot move.
Unknown command.
You barely miss something.
You feel sick. The orc hits you but does no damage. x2
Something hits you but does no damage. The goblin hits you but does no damage.
You smack something!
Reactivating autopickup.
You feel a bit more experienced.
You feel sick. The orc hits you but does no damage.
The orc hits you with a +0 club.
* * * LOW HITPOINT WARNING * * *
The goblin hits you with a +0 club.
* * * LOW HITPOINT WARNING * * *
Unknown command.
You barely miss the orc priest.
The orc priest is severely wounded.
You feel sick. The orc priest hits you with a +0 mace.
* * * LOW HITPOINT WARNING * * *
The orc hits you but does no damage. The goblin hits you but does no damage.
The orc hits you but does no damage.
You completely miss the orc priest.
The orc priest is severely wounded.
You feel sick. The orc hits you but does no damage.
The goblin hits you but does no damage. The orc hits you with a +0 club.
You die...

######.#...
.........#
#.######..#...#
#?............# #
.####..[....∩####.#
..........g.....>.>#
#.####.#######g.##.#
#.......oog...#
#M#######♣o..## .g
#....# #. #P.P.# #.
##P..# ##.## #. ##


You could see an orc priest, 2 orcs, a hobgoblin and a goblin.

Vanquished Creatures
  Menkaure (D:4)
  An orc wizard (D:4)
  8 adders
  3 gnolls (D:3)
  2 dart slugs
  7 orcs
  13 ball pythons
  6 endoplasms
  3 giant cockroaches (D:3)
  5 goblins
  9 hobgoblins
  3 jackals (D:2)
  5 kobolds
  6 quokkas
  7 bats
  2 frilled lizards (D:3)
  4 rats
85 creatures vanquished.

Notes
Turn   | Place    | Note
-------+----------+-------------------------------------------
     0 | D:1      | gruber the Troll Shapeshifter began the quest for the Orb.
     0 | D:1      | Reached XP level 1. HP: 19/19 MP: 0/0
    39 | D:1      | Found Eloxt's Jewellery Shop.
    94 | D:1      | Found Qaag's Armour Shop.
   117 | D:1      | Reached XP level 2. HP: 27/27 MP: 1/1
   269 | D:1      | Reached skill level 3 in Unarmed Combat
   384 | D:1      | Found Herhemeh's Book Shoppe.
   393 | D:1      | Found Loch's Jewellery Boutique.
   574 | D:2      | Reached XP level 3. HP: 32/33 MP: 2/2
   752 | D:2      | Reached skill level 4 in Unarmed Combat
   871 | D:2      | Reached XP level 4. HP: 41/41 MP: 3/3
  1254 | D:3      | Reached skill level 5 in Unarmed Combat
  1348 | D:3      | Reached XP level 5. HP: 42/48 MP: 4/4
  1775 | D:3      | Found a faded altar of an unknown god.
  2138 | D:4      | Found Lungir's Book Shop.
  2141 | D:4      | Noticed Menkaure
  2164 | D:4      | Killed Menkaure
  2165 | D:4      | Reached skill level 6 in Unarmed Combat
  2165 | D:4      | Reached XP level 6. HP: 15/55 MP: 5/5
  2167 | D:4      | HP: 4/82 [orc priest/+0 mace (5)]
  2168 | D:4      | Slain by an orc

Illustrated notes

Levels and vault maps discovered:
D:1:      dpeg_arrival_rooms_a, layout_basic, serial_shops, shop, shop,
          nicolae_shop_gaudy_bauble, nicolae_shop_waterfront,
          minmay_misc_feat_more_columns, grunt_decor_cap
D:2:      layout_loops_ring
D:3:      layout_loops_corners, chequers_ecumenical_altar_simple,
          minmay_increasing_density
D:4:      cheibrodos_barr_body, layout_basic,
          mainiacjoe_overflow_concentric_impassable,
          mainiacjoe_overflow_six_doors_small, serial_shops, shop,
          nicolae_shop_tiny_waterfront,
          nicolae_shop_competitors_out_of_business, shop,
          hangedman_decor_points, uniq_robin, uniq_crazy_yiuf_cottage,
          uniq_menkaure, uniq_duvessa

Skill      XL: |  1  2  3  4  5 |
---------------+----------------+-----
Unarmed Combat | 3 4 5 6 |  6.7
Fighting       | |  1.5
Dodging        | |  1.5
Shapeshifting  | |  3.0

Action                     |  1- 3 |  4- 6 || total
---------------------------+-------+-------++-------
  Melee: Unarmed           |    94 |    95 ||   189
         Punch             |     1 |     2 ||     3
    Use: Potion            |       |     2 ||     2
 Armour: Animal skin       |    31 |    22 ||    53
         Skin              |       |    21 ||    21
  Dodge: Dodged            |    45 |    28 ||    73

Table legend: (Time is in decaauts)
 A = Elapsed time spent in this place.
 B = Non-inter-level travel time spent in this place.
 C = Inter-level travel time spent in this place.
 D = Time resting spent in this place.
 E = Time spent auto-exploring this place.
 F = Levels seen in this place.
 G = Mean time per level.
                   A        B        C        D        E       F      G
               +--------+--------+--------+--------+--------+-----+--------+
         Total |   2151 |   2119 |     32 |      0 |   1696 |   4 |  537.8 |
       Dungeon |   2151 |   2119 |     32 |      0 |   1696 |   4 |  537.8 |
               +--------+--------+--------+--------+--------+-----+--------+

Top non-repeatable levels by time:
     D:3: 970 daAuts
     D:2: 680 daAuts
     D:1: 471 daAuts
     D:4: 28 daAuts
